 Dungeon Crawl Stone Soup version 0.16-a0-3358-g515fee9 (webtiles) character file.

2147 Minkie the Severer (level 9, 0/68 HPs)
             Began as a Hill Orc Gladiator on Dec 29, 2014.
             Was a Believer of Beogh.
             Slain by an orc warrior
             ... wielding a +0 long sword
              (7 damage)
             ... on level 6 of the Dungeon.
             The game lasted 00:17:21 (5486 turns).

Minkie the Severer (Hill Orc Gladiator)             Turns: 5486, Time: 00:17:21

Health: 0/68       AC: 16    Str: 20    XL:     9   Next: 31%
Magic:  9/9        EV:  6    Int: 11    God:    Beogh [**....]
Gold:   394        SH:  0    Dex: 13    Spells: 0 memorised, 8 levels left

rFire  . . .     SeeInvis .     a - +0 war axe
rCold  . . .     Clarity  .     G - +0 plate armour (curse)
rNeg   . . .     SustAb   .     (no shield)
rPois  .         Gourm    .     u - +2 hat
rElec  .         Spirit   .     D - +1 cloak
rCorr  .         Warding  .     B - +0 pair of gloves
rMut   .         Stasis   .     (no boots)
MR     .....                    (no amulet)
Stlth  ..........               (no ring)
                                v - ring of loudness (curse)

@: not resistant to hostile enchantments, extremely unstealthy
A: antennae 1, thin skeletal structure 1, sense surroundings 1, slow healing 1,
strong 1
a: Smiting, Renounce Religion


You were on level 6 of the Dungeon.
You worshipped Beogh.
Beogh was pleased with you.
You were not hungry.

You visited 1 branch of the dungeon, and saw 6 of its levels.

You collected 394 gold pieces.

Inventory:

Hand weapons
 a - a +0 war axe (weapon)
Missiles
 d - 5 throwing nets (quivered)
Armour
 u - a +2 hat (worn)
 B - a +0 pair of gloves (worn)
 D - a +1 cloak (worn)
 G - a cursed +0 plate armour (worn)
Magical staves
 H - an uncursed staff of wizardry {unknown}
Rods
 c - a -1 rod of shadows (11/11)
   (You found it on level 4 of the Dungeon)
Jewellery
 v - a cursed ring of loudness (left hand)
 A - an uncursed amulet of clarity {unknown}
 I - an uncursed ring of protection from fire {unknown}
Scrolls
 g - 2 scrolls of enchant armour {unknown}
 h - a scroll of immolation {unknown}
 j - a scroll of fear {unknown}
 l - 2 scrolls of noise {unknown}
 m - 4 scrolls of remove curse {unknown}
 n - 3 scrolls of enchant weapon {unknown}
 o - 6 scrolls of teleportation {unknown}
 p - 2 scrolls of recharging {unknown}
 q - 2 scrolls of random uselessness {unknown}
 r - 3 scrolls of identify {unknown}
 s - 2 scrolls of amnesia {unknown}
 y - 3 scrolls of magic mapping {unknown}
 C - a scroll of fog {unknown}
 F - a scroll of blinking {unknown}
Potions
 b - a potion of resistance {unknown}
 e - a potion of restore abilities {unknown}
 k - 2 potions of agility {unknown}
 w - a potion of lignification {unknown}
 z - 4 potions of curing {unknown}
Books
 J - an Akashic Record {highlevel, unknown}

   This book is beyond your current level of understanding.

   Spells                             Type                      Level
   a - Dispersal                      Translocation                6
   b - Controlled Blink               Translocation                7
   c - Malign Gateway                 Summoning/Translocation      7
   d - Disjunction                    Translocation                8
   e - Singularity                    Translocation                9
Comestibles
 f - 2 meat rations
 i - 6 bread rations
 t - 2 beef jerkies
 x - 2 chunks of flesh
 E - a royal jelly


   Skills:
 - Level 2.4 Fighting
 + Level 15.1 Axes
 - Level 2.0 Throwing
 - Level 2.4 Dodging


You had 8 spell levels left.
You didn't know any spells.

Dungeon Overview and Level Annotations

Branches:
Dungeon (6/15)             Temple (0/1) D:6

Altars:
Dithmenos
Elyvilon
Trog
Yredelemnul


Innate Abilities, Weirdness & Mutations

You have a pair of small antennae on your head.
You have a somewhat thin skeletal structure (Dex +2, Stealth).
You passively map a small area around you.
You heal slowly when monsters are visible.
Your muscles are strong. (Str +2)


Message History

You hit the orc warrior but do no damage.
The orc warrior is severely wounded.
You closely miss the orc warrior.
The orc warrior is severely wounded.
The orc warrior hits you with a long sword!
* * * LOW HITPOINT WARNING * * *
You hit the orc warrior but do no damage.
The orc warrior is severely wounded.
The orc warrior hits you with a long sword.
* * * LOW HITPOINT WARNING * * *
You hit the orc warrior but do no damage.
The orc warrior is severely wounded.
You hit the orc warrior.
The orc warrior is severely wounded.
The orc warrior hits you with a long sword.
* * * LOW HITPOINT WARNING * * *
You closely miss the orc warrior.
The orc warrior is severely wounded.
The orc warrior hits you with a long sword!
You die...

, ##.....##.. ..# #
...#.......#.# #.# #
[..#....%..#.# ##)## #
......._[....# #...# # ,
..#.......#.###..<### #
,#.......#.#.......###
##...).##..........##
....####o####.#..........
#....)@...........##.#.
##......#######...##.## *
##.....# ######.#
.....### **#.# #....#* *
# ,, #.# , .###. ,,, ...
#.# #. * ###...##.# * #.*
, ....(....# * *
####.#####


You could see an orc warrior.

Vanquished Creatures
  Pikel (D:4)
  A hill giant (D:5)
  Eustachio (D:4)
  2 phantoms
  2 sky beasts
  2 slaves (D:4)
  Sigmund (D:2)
  A scorpion (D:5)
  A water moccasin skeleton (D:5)
  2 orc priests
  A crimson imp (D:5)
  A giant frog skeleton (D:5)
  An orc wizard (D:5)
  4 worker ants
  2 hound skeletons
  A mummy (D:6)
  4 gnolls (D:5)
  12 adders
  A shadow imp (D:5)
  3 giant mites
  3 worms
  2 giant geckos
  An ooze (D:1)
  11 orcs
  7 ball pythons
  20 bats
  A bat skeleton (D:4)
  A bat zombie (D:5)
  11 hobgoblins
  4 jackals (D:1)
  6 kobolds
  4 quokkas (D:2)
  7 giant cockroaches
  A giant gecko skeleton (D:5)
  6 giant newts
  13 goblins
  18 rats
160 creatures vanquished.

Vanquished Creatures (others)
  2 fungi (D:1)
2 creatures vanquished.

Grand Total: 162 creatures vanquished

Notes
Turn   | Place    | Note
--------------------------------------------------------------
     0 | D:1      | Minkie, the Hill Orc Gladiator, began the quest for the Orb.
     0 | D:1      | Reached XP level 1. HP: 18/18 MP: 1/1
   101 | D:1      | Reached XP level 2. HP: 23/25 MP: 2/2
   201 | D:1      | Reached skill level 5 in Axes
   462 | D:1      | Reached XP level 3. HP: 13/30 MP: 3/3
  1041 | D:2      | Found a white marble altar of Elyvilon.
  1073 | D:2      | Reached skill level 6 in Axes
  1192 | D:2      | Reached XP level 4. HP: 35/37 MP: 4/4
  1512 | D:2      | Noticed Sigmund
  1522 | D:2      | Killed Sigmund
  1522 | D:2      | Reached skill level 7 in Axes
  1522 | D:2      | Reached XP level 5. HP: 34/42 MP: 5/5
  2273 | D:3      | Reached skill level 8 in Axes
  2623 | D:3      | Noticed a moth of wrath
  2625 | D:3      | Found a bloodstained altar of Trog.
  3057 | D:4      | Noticed Pikel
  3057 | D:4      | Noticed a slave
  3057 | D:4      | Noticed a slave
  3057 | D:4      | Noticed a slave
  3057 | D:4      | Noticed a slave
  3068 | D:4      | Killed a slave
  3076 | D:4      | Killed a slave
  3083 | D:4      | Killed Pikel
  3083 | D:4      | Reached skill level 11 in Axes
  3083 | D:4      | Reached XP level 6. HP: 19/50 MP: 6/6
  3083 | D:4      | Reached XP level 7. HP: 21/56 MP: 7/7
  3389 | D:4      | Noticed Eustachio
  3413 | D:4      | Killed Eustachio
  3684 | D:4      | Became a worshipper of Beogh the Brigand
  3786 | D:4      | Reached XP level 8. HP: 50/62 MP: 8/8
  4086 | D:4      | Reached skill level 12 in Axes
  4262 | D:4      | Noticed a phantom
  4281 | D:4      | Killed a phantom
  4545 | D:5      | Entered Level 5 of the Dungeon
  4599 | D:5      | Acquired Beogh's first power
  4654 | D:5      | Found a shadowy altar of Dithmenos.
  4720 | D:5      | Reached skill level 13 in Axes
  4932 | D:5      | Noticed a hill giant
  4956 | D:5      | Beogh protects you from harm!
  4958 | D:5      | Killed a hill giant
  4958 | D:5      | Reached skill level 14 in Axes
  4958 | D:5      | Reached XP level 9. HP: 10/68 MP: 9/9
  4964 | D:5      | Gained mutation: You heal slowly when monsters are visible. [mutagenic meat]
  4965 | D:5      | Gained mutation: You passively map a small area around you. [mutagenic meat]
  5208 | D:5      | Acquired Beogh's second power
  5364 | D:6      | Found a staircase to the Ecumenical Temple.
  5400 | D:6      | Reached skill level 15 in Axes
  5404 | D:6      | Gained mutation: You have a pair of small antennae on your head. [mutagenic meat]
  5405 | D:6      | Gained mutation: You have a somewhat thin skeletal structure (Dex +2, Stealth). [mutagenic meat]
  5406 | D:6      | Gained mutation: Your muscles are strong. (Str +2) [mutagenic meat]
  5449 | D:6      | Found a basalt altar of Yredelemnul.
  5486 | D:6      | Slain by an orc warrior

Action                   |  1- 3 |  4- 6 |  7- 9 || total
-------------------------+-------+-------+-------++-------
Melee: War axe           |   125 |   121 |   277 ||   523
Invok: Convert to Beogh  |       |       |     1 ||     1
  Eat: Chunk             |     1 |     6 |    13 ||    20
